 Dungeon Crawl Stone Soup version 0.31-a0-986-g5e6e4ef867 (webtiles) character file.

Game seed: 1687069640691436705

25 horus123 the Magician (level 2, -3/19 HPs)
             Began as a Demonspawn Hedge Wizard on Nov 4, 2023.
             Slain by Terence
             ... wielding a +0 flail
              (7 damage)
             ... on level 2 of the Dungeon.
             The game lasted 00:02:33 (1259 turns).

horus123 the Magician (Demonspawn Hedge Wizard)     Turns: 1259, Time: 00:02:34

Health: -3/19      AC:  2    Str: 10    XL:     2   Next: 86%
Magic:  2/7        EV: 12    Int: 15    God:
Gold:   20         SH:  0    Dex: 12    Spells: 8/9 levels left

rFire   . . .        (no weapon)
rCold   . . .        (no shield)
rNeg    . . .        b - +0 robe
rPois   .            c - +0 hat
rElec   .            (no cloak)
rCorr   .            (no gloves)
SInv    .            (no boots)
Will    .....        (no amulet)
Stlth   ++           (no ring)
HPRegen 0.23/turn    (no ring)
MPRegen 0.10/turn

%: no passive effects
@: no status effects
A: claws 1
a: no special abilities


You were on level 2 of the Dungeon.
You visited 1 branch of the dungeon, and saw 2 of its levels.

You collected 20 gold pieces.

Inventory:

Armour
 a - a +0 leather armour
 b - a +0 robe (worn)
 c - a +0 hat (worn)
Scrolls
 e - a scroll of fog {unknown}
 f - a scroll of teleportation {unknown}
Potions
 d - a potion of magic


   Skills:
 - Level 1.7 Dodging
 - Level 1.7 Stealth
 - Level 4.0 Spellcasting
 + Level 1.0 Conjurations
 - Level 1.0 Summonings
 - Level 0.8 Translocations


You had 8 spell levels left.
You knew the following spells:

 Your Spells              Type           Power      Damage    Failure   Level
a - Magic Dart            Conj           24%        1d4       12%         1

Your spell library contained the following spells:

 Spells                   Type           Power      Damage    Failure   Level
 Slow                     Hex            12%        N/A       19%         1
 Blink                    Tloc           10%        N/A       19%         2
 Call Imp                 Summ           12%        N/A       19%         2
 Cigotuvi's Dreadful Rot  Necr/Pois/Air  6%         N/A       26%         2
 Mephitic Cloud           Conj/Pois/Air  4%         N/A       43%         3


Dungeon Overview and Level Annotations

Branches:
Dungeon (2/15)

Altars:

Annotations:
D:2 Terence


Innate Abilities, Weirdness & Mutations

You have sharp fingernails.


Message History

Confirm with . or Enter, or press ? or * to list all spells.
Okay, then.
The magic dart hits Terence.
Terence is lightly wounded.
The bat closely misses you.
The magic dart hits the bat.
You kill the bat!
Your Spellcasting skill increases to level 4!
You scratch Terence but do no damage.
Terence is lightly wounded.
Terence barely misses you.
You scratch Terence but do no damage.
Terence is lightly wounded.
Terence hits you with a +0 flail.
You barely miss Terence.
Terence is lightly wounded.
Terence hits you with a +0 flail.
Aiming: Magic Dart (safe; 12% risk of failure)
Press: ? - help, Q - select action Shift-Dir - straight line, f - Terence
Aim: Terence, wielding a +0 flail and wearing a +0 chain mail (lightly wounded, 100% to hit)
The magic dart hits Terence but does no damage.
Terence is lightly wounded.
Terence screams, "I want your blood!" Terence closely misses you.
Aiming: Magic Dart (safe; 12% risk of failure)
Press: ? - help, Q - select action Shift-Dir - straight line, f/p - Terence
Aim: Terence, wielding a +0 flail and wearing a +0 chain mail (lightly wounded, 100% to hit)
The magic dart hits Terence but does no damage.
Terence is lightly wounded.
Terence closely misses you. Terence attacks as he pursues you!
Terence barely misses you. Terence attacks as he pursues you!
Terence misses you. Terence attacks as he pursues you!
Terence hits you with a +0 flail. Terence attacks as he pursues you!
Terence hits you with a +0 flail.
* * * LOW HITPOINT WARNING * * *
Terence screams, "I want your blood!" Terence attacks as he pursues you!
Terence hits you with a +0 flail.
* * * LOW HITPOINT WARNING * * *
Terence attacks as he pursues you! Terence hits you with a +0 flail!
You die...

#..........#
##.###.....#
#.# ####.##
#.# #.# #.#
#.# #.# #S#
#.# #.# #.#
#@#
#.######@#
#......#.#
######.#.#
#.#.# #.#.#
#.#.# #.#.#
#.#.# #.#


You could see Terence and an adder.

Vanquished Creatures
  2 dart slugs (D:1)
  A bat (D:2)
  5 endoplasms (D:1)
  A giant cockroach (D:1)
  2 goblins (D:1)
  A hobgoblin (D:1)
  2 jackals (D:1)
  A ball python (D:1)
  A frilled lizard (D:1)
  3 rats (D:1)
19 creatures vanquished.

Notes
Turn   | Place    | Note
-------+----------+-------------------------------------------
     0 | D:1      | horus123 the Demonspawn Hedge Wizard began the quest for
                  | the Orb.
     0 | D:1      | Reached XP level 1. HP: 13/13 MP: 4/4
   243 | D:1      | Gained mutation: You have sharp fingernails. [demonic
                  | ancestry]
   243 | D:1      | Reached XP level 2. HP: 19/19 MP: 2/6
  1205 | D:2      | Noticed Terence
  1244 | D:2      | Reached skill level 4 in Spellcasting
  1259 | D:2      | Slain by Terence

Illustrated notes

Levels and vault maps discovered:
D:1:      moated_graveyard_arrival, layout_loops_ring,
          minmay_misc_feat_nine_boxes
D:2:      layout_basic, uniq_terence

Skill      XL: |  1  2 |
---------------+-------+-----
Spellcasting   | 4 |  4.0
Dodging        | |  1.7
Stealth        | |  1.7
Conjurations   | |  1.0
Summonings     | |  1.0
Translocations | |  0.8

Action                     || total
---------------------------++-------
  Melee: Dagger            ||     4
         Unarmed           ||     6
   Cast: Magic Dart        ||    48
 Armour: Robe              ||    14
  Dodge: Dodged            ||    15

Table legend: (Time is in decaauts)
 A = Elapsed time spent in this place.
 B = Non-inter-level travel time spent in this place.
 C = Inter-level travel time spent in this place.
 D = Time resting spent in this place.
 E = Time spent auto-exploring this place.
 F = Levels seen in this place.
 G = Mean time per level.
                   A        B        C        D        E       F      G
               +--------+--------+--------+--------+--------+-----+--------+
         Total |   1258 |   1223 |     35 |    110 |    943 |   2 |  629.0 |
       Dungeon |   1258 |   1223 |     35 |    110 |    943 |   2 |  629.0 |
               +--------+--------+--------+--------+--------+-----+--------+

Top non-repeatable levels by time:
     D:1: 1148 daAuts
     D:2: 110 daAuts
